Unix NetHack Version 3.7.0-53 Work-in-progress - last build Apr 11 2022 13:59:46 (1e4a17dd8e4cd83bd3ef5d46a59529246cfc2aae,branch:master). Game began 2022-04-06 16:29:44, ended 2022-04-16 10:17:47. Grasshopper, neutral male human Wizard ------- @ .....| @ @ ---------.)-- --------- @ |.......|)).-- --.......-- A A|..A@)[.|[)..---.......b.-- & |...@H..+/..[&-....%)b....| DD @ A @ @ A @ |...At..|.)..---....)b...-- A A @ D O |.......|..)-- --...)%*.-- @ ---------..-- ----.---- ....| |...------- @ ------ |.bb%%....| & -------..%- @ |....- A ---...- H .... ----- Grasshopper the Mage St:18/** Dx:23 Co:18 In:23 Wi:22 Ch:18 Neutral S:1353743 Astral Plane $:0 HP:662(662) Pw:502(596) AC:-54 Xp:30/100029983 T:59013 Latest messages: The purple worm drops a long sword. What do you want to use or apply? [cfikmnqs-uwzACLMPUZ or ?*] i What do you want to use or apply? [cfikmnqs-uwzACLMPUZ or ?*] i V - an uncursed scroll of taming. o - an uncursed magic marker (0:34). What do you want to use or apply? [cfikm-oqs-uwzACLMPUZ or ?*] i W - an uncursed scroll of blank paper. What do you want to use or apply? [cfikm-oqs-uwzACLMPUZ or ?*] o What do you want to write on? [W or ?*] W What type of scroll do you want to write? genocide X - an uncursed scroll of genocide. What do you want to read? [VX or ?*] X As you read the scroll, it disappears. What monster do you want to genocide? [type the name] purple worm Wiped out all purple worms. Pick an object. What do you want to use or apply? [cfikm-oqs-uwzACLMPUZ or ?*] i Y - an uncursed wand of wishing (0:1). A mysterious force prevents you from teleporting! What do you want to zap? [fkmnwzCMYZ or ?*] Y You may wish for an object. For what do you wish? blessed greased figurine of a woodchuck named "Russian Warship go fuck yourself" j - a greased figurine of a woodchuck named "Russian Warship go fuck yourself". Your movements are slowed slightly because of your load. The invisible K2 picks up a potion of levitation. What do you want to use or apply? [cfi-km-oqs-uwzACLMPUYZ or ?*] i You put 593 gold pieces into the bag of holding. You put a cursed wand of teleportation (0:1) into the bag of holding. You put an uncursed wand of cold (0:8) into the bag of holding. You put an uncursed wand of wishing (0:0) into the bag of holding. You put an uncursed magic marker (0:8) into the bag of holding. Your movements are now unencumbered. What do you want to use or apply? [cfi-knqs-uwzALMPUZ or ?*] q You produce a strange whistling sound. The invisible Brynhilda vanishes and reappears next to you. What do you want to use or apply? [cfi-knqs-uwzALMPUZ or ?*] s In what direction? 3 Status of Matt (neutral): Level 48 HP 374(374) AC 3, tame, fast. What do you want to sacrifice? [g or ?*] g You offer the Amulet of Yendor to Thoth... An invisible choir sings, and you are bathed in radiance... The voice of Thoth booms out: "Mortal, thou hast done well!" "In return for thy service, I grant thee the gift of Immortality!" You ascend to the status of Demigod... Do you want your possessions identified? [ynq] (y) y Do you want to see your attributes? [ynq] (y) y Do you want an account of creatures vanquished? [ynaq] (y) y Do you want a list of species genocided and extinct? [ynq] (y) y Do you want to see your conduct and achievements? [ynq] (y) y Do you want to see the dungeon overview? [ynq] (y) y Major events: Turn 1: Grasshopper the neutral male human Wizard entered the dungeon 862: attained the rank of Conjurer (level 3) 1256: entered the Gnomish Mines 3129: made his first wish - "3 blessed scrolls of charging" 3130: wished for "blessed greased +5 silver dragon scale mail" 3141: wished for "blessed greased fireproof bag of holding" 3144: made his first artifact wish - "blessed rustproof platinum yendorian express card" 3252: attained the rank of Thaumaturge (level 6) 5374: killed the Oracle 6097: reached Mine Town 8388: bestowed with Magicbane by Thoth 9477: entered Sokoban 10052: completed sokoban 1 10553: completed sokoban 2 10905: completed sokoban 3 11895: completed sokoban 4 11921: attained the rank of Magician (level 10) 12500: acquired the Sokoban bag of holding 12634: read a Discworld novel 15101: acquired the Mines' End luckstone 17221: bestowed with Vorpal Blade by Thoth 23490: wished for "uncursed magic marker" 25923: wished for "blessed greased rustproof icebox named "Kelvinator"" 28879: attained the rank of Enchanter (level 14) 32178: attained the rank of Sorcerer (level 18) 35448: killed the invisible Dark One 35448: found the Eye of the Aethiopica carried by a monster 35449: acquired the Bell of Opening 37605: killed Croesus 40241: performed his first genocide (class L) 40263: killed Medusa 42375: entered Gehennom 44191: attained the rank of Necromancer (level 22) 44837: attained the rank of Wizard (level 26) 45977: killed Juiblex 46601: genocided class m 46758: killed Baalzebub 46833: killed Asmodeus 47929: killed the invisible Orcus 51216: found Demonbane on the floor 54046: genocided doppelgangers 54047: genocided chameleons 54049: genocided genetic engineers 54194: became Thoth's Envoy of Balance 54194: bestowed with spellbook of finger of death 55404: destroyed Vlad the Impaler 55406: acquired the Candelabrum of Invocation 55623: found Sunsword carried by a monster 55866: killed the Wizard of Yendor 55868: acquired the Book of the Dead 55891: performed the invocation 56270: killed the invisible high priest of Moloch 56272: acquired The Amulet of Yendor 56594: attained the rank of Mage (level 30) 57689: killed the Wizard of Yendor (2nd time) 58540: entered the Elemental Planes 58540: entered Plane of Earth 58541: killed the Wizard of Yendor (3rd time) 58668: entered Plane of Air 58725: entered Plane of Fire 58809: found Sting carried by a monster 58849: entered Plane of Water 58938: entered the Astral Plane 58956: killed Pestilence 58971: killed Pestilence (2nd time) 58985: killed Pestilence (3rd time) 58987: found Snickersnee carried by a monster 59010: genocided purple worms 59011: wished for "blessed greased figurine of a woodchuck named "Russian Warship go fuck yourself"" 59013: ascended Inventory: Amulets ('"') I - the blessed Eye of the Aethiopica Q - a blessed amulet of life saving (being worn) Weapons (')') a - the uncursed rustproof +2 Magicbane (alternate weapon; not wielded) h - 33 blessed poisoned rustproof +7 darts named +7 (at the ready) v - the blessed rustproof +7 Vorpal Blade (weapon in hand) Armor ('[') b - a blessed greased fireproof +5 robe (being worn) B - a blessed fireproof +5 pair of water walking boots (being worn) D - a blessed fireproof +5 small shield (being worn) G - a blessed fireproof +5 pair of gauntlets of dexterity (being worn) H - a blessed greased rustproof +5 helm of brilliance (being worn) S - a blessed greased +5 silver dragon scale mail (being worn) T - a blessed fireproof +5 Hawaiian shirt with a giant eel motif (being worn) Comestibles ('%') x - an uncursed tripe ration F - a blessed lizard corpse named Lizard of Oz Scrolls ('?') V - an uncursed scroll of taming Wands ('/') f - a blessed wand of teleportation (0:1) k - an uncursed wand of slow monster (1:3) n - an uncursed wand of speed monster (0:3) w - an uncursed wand of teleportation (0:5) z - an uncursed wand of digging (0:5) M - a blessed wand of cold (1:10) Z - an uncursed wand of death (0:7) Rings ('=') d - a blessed ring of protection from shape changers e - an uncursed +5 ring of increase damage (on right hand) l - a blessed +5 ring of increase damage (on left hand) O - a cursed -5 ring of increase damage Potions ('!') R - a blessed potion of full healing Tools ('(') c - a blessed skeleton key named lev to 58925ish i - a blessed greased bag of holding containing 139 items j - a blessed greased figurine of a woodchuck named "Russian Warship go fuck yourself" q - a blessed magic whistle s - an uncursed stethoscope t - a blessed towel u - an uncursed +0 unicorn horn A - the uncursed Candelabrum of Invocation (7 of 7 candles attached) L - a blessed oil lamp named X (lit) P - the blessed Platinum Yendorian Express Card U - a blessed greased oilskin sack named <<< CANCELLATION >>> containing 2 items Gems/Stones ('*') N - a blessed luckstone Contents of the bag of holding: 593 gold pieces an uncursed amulet of magical breathing an uncursed amulet of reflection 30 blessed poisoned rustproof +7 darts named +7 the uncursed +0 Sting an uncursed +0 helm of opposite alignment a blessed +0 cloak of magic resistance an uncursed burnt +0 cloak of magic resistance 2 uncursed carrots 4 blessed eucalyptus leaves 4 uncursed K-rations 2 blessed lembas wafers an uncursed lembas wafer 3 uncursed lumps of royal jelly an uncursed sprig of wolfsbane an uncursed tripe ration an uncursed tripe ration a blessed tin of spinach 3 blessed cockatrice eggs 2 blessed eggs named chook 3 uncursed eggs named chook 2 blessed scrolls of blank paper 3 cursed scrolls of blank paper a blessed scroll of charging a blessed scroll of create monster an uncursed scroll of create monster 2 uncursed scrolls of earth 4 blessed scrolls of gold detection a blessed scroll of remove curse 2 blessed scrolls of stinking cloud 5 cursed scrolls of teleportation a blessed wand of cold (0:6) an uncursed wand of cold (0:8) an uncursed wand of cold (0:7) an uncursed wand of cold (0:7) an uncursed wand of cold (0:7) an uncursed wand of cold (0:6) an uncursed wand of cold (0:5) an uncursed wand of cold (0:4) an uncursed wand of death (1:12) an uncursed wand of digging (0:7) an uncursed wand of digging (0:7) an uncursed wand of digging (0:7) an uncursed wand of digging (0:7) an uncursed wand of digging (0:7) an uncursed wand of enlightenment named 8 (0:7) an uncursed wand of fire (0:6) an uncursed wand of light (0:14) an uncursed wand of lightning (0:7) an uncursed wand of lightning (0:6) an uncursed wand of lightning (0:6) an uncursed wand of locking (1:6) an uncursed wand of opening (0:7) an uncursed wand of polymorph (0:4) an uncursed wand of polymorph named 1 (0:4) an uncursed wand of probing (2:13) an uncursed wand of probing (3:11) an uncursed wand of secret door detection (0:13) a blessed wand of sleep (1:13) an uncursed wand of sleep (2:12) an uncursed wand of sleep (1:11) an uncursed wand of sleep (0:8) an uncursed wand of sleep (0:8) an uncursed wand of sleep (0:6) an uncursed wand of sleep (0:6) an uncursed wand of sleep (0:1) an uncursed wand of slow monster (2:7) an uncursed wand of slow monster named 1 (0:6) an uncursed wand of speed monster (0:6) an uncursed wand of speed monster (0:5) an uncursed wand of speed monster (0:4) an uncursed wand of striking (0:8) an uncursed wand of striking (0:2) a blessed wand of teleportation (0:5) an uncursed wand of teleportation (2:13) an uncursed wand of teleportation (0:8) an uncursed wand of teleportation (1:7) an uncursed wand of teleportation (0:6) an uncursed wand of teleportation (0:6) an uncursed wand of teleportation (3:1) an uncursed wand of teleportation named 3 (0:1) a cursed wand of teleportation (0:1) an uncursed wand of undead turning (0:8) an uncursed wand of undead turning (0:7) an uncursed wand of wishing (0:3) an uncursed wand of wishing (0:0) an uncursed ring of cold resistance named nc an uncursed ring of conflict an uncursed ring of fire resistance an uncursed ring of free action an uncursed +1 ring of gain constitution a blessed +3 ring of gain strength an uncursed ring of hunger an uncursed ring of levitation a blessed ring of polymorph an uncursed ring of polymorph control an uncursed +1 ring of protection a blessed ring of regeneration an uncursed ring of searching named nc an uncursed ring of shock resistance an uncursed ring of slow digestion an uncursed ring of teleport control 4 blessed potions of full healing a cursed potion of gain level an uncursed potion of healing a blessed potion of levitation an uncursed potion of paralysis an uncursed potion of polymorph a blessed potion of sickness a blessed potion of speed an uncursed potion of speed 4 potions of holy water an uncursed tooled horn an uncursed magic marker (0:8) a cursed tin whistle 7 uncursed wax candles 24 uncursed amber stones 27 uncursed amethyst stones 15 uncursed aquamarine stones 24 uncursed black opals 30 uncursed chrysoberyl stones 26 uncursed citrine stones 7 uncursed diamonds 13 uncursed dilithium crystals 21 uncursed emeralds 21 uncursed fluorite stones 12 uncursed garnet stones 3 uncursed jacinth stones 29 uncursed jasper stones 20 uncursed jet stones an uncursed obsidian stone 20 uncursed opals 3 uncursed rubies 7 uncursed rubies 26 uncursed sapphires 4 uncursed topaz stones 29 uncursed topaz stones 18 uncursed turquoise stones an uncursed luckstone Contents of the oilskin sack named <<< CANCELLATION >>>: an uncursed wand of cancellation (0:8) an uncursed wand of cancellation (0:6) Grasshopper the Wizard's attributes: Background: You were a Mage, a level 30 male human Wizard. You were neutral, on a mission for Thoth who was opposed by Ptah (lawful) and Anhur (chaotic). You were in the endgame, on the Astral Plane. You entered the dungeon 59013 turns ago. There was a full moon in effect when your adventure ended. You had 100029983 experience points. Your score was 1353743 before end-of-game adjustments. Basics: You had all 662 hit points. You had 502 out of 596 energy points (spell power). Your armor class was -54. Your wallet was empty. Autopickup was on for '$"%?+/=!*' plus thrown, with exceptions. Final Characteristics: Your strength was 18/100 (limit:18/100). Your dexterity was 23 (base:18, innate limit:18). Your constitution was 18 (limit:18). Your intelligence was 23 (base:18, innate limit:18). Your wisdom was 22 (base:17, peak:18, innate limit:18). Your charisma was 18 (limit:18). Final Status: You were not hungry. You were unencumbered. You were wielding a long sword. You had basic skill with long sword. Final Attributes: You were the Envoy of Balance. You were piously aligned. You were magic-protected. You were fire resistant. You were cold resistant. You were sleep resistant. You were disintegration-resistant. You were shock resistant. You were poison resistant. You saw invisible. You were telepathic. You were warned. You were sensing the presence of monsters. You would have confused monsters when hitting them. You were invisible to others. You were stealthy. You could teleport. You had teleport control. You could walk on water. You had a large damage bonus (+10). You had a large defense bonus (+14). You were guarded. You took half spell damage. You were protected from shape changers. You were very fast. You had reflection. Your life would have been saved. You were extremely lucky. You had extra luck. Good luck did not time out for you. You survived. Miscellaneous: You never encountered a bones level. Total elapsed playing time was 2 days, 2 hours, 31 minutes and 41 seconds. Vanquished creatures: Asmodeus Baalzebub Orcus Juiblex the Wizard of Yendor (thrice) Pestilence (thrice) Vlad the Impaler a high cleric 2 mastodons Medusa Croesus 7 krakens an Archon 4 iron golems 11 storm giants 3 titans a glass golem 2 balrogs 18 purple worms 2 gray dragons 5 gold dragons 4 silver dragons 6 red dragons 2 white dragons 3 orange dragons 4 black dragons 4 blue dragons 2 green dragons 5 yellow dragons 12 minotaurs 7 jabberwocks the Dark One 8 baluchitheria 21 Angels 2 stone golems 2 master mind flayers 11 Olog-hai 2 Nazgul 8 pit fiends a sandestin 7 hell hounds 5 displacer beasts 3 titanotheres 6 trappers a baby white dragon 2 baby blue dragons 3 guardian nagas 5 genetic engineers 8 disenchanters 31 vampire leaders 4 skeletons a shopkeeper 2 prisoners the Oracle 35 aligned clerics 9 captains 6 shades 2 liches a water troll 2 clay golems 10 nurses 9 ice devils 4 nalfeshnees 7 lurkers above 4 frost giants 5 ettins 3 golden nagas 12 black puddings 38 vampires 7 lieutenants 54 ghosts a barbarian a rogue a samurai a wizard 3 queen bees 5 winged gargoyles 4 mind flayers 5 giant mimics 2 long worms 9 fire giants 13 ogre tyrants 12 ice trolls 10 rock trolls 6 umber hulks 19 flesh golems 5 elven monarchs 3 doppelgangers 4 hezrous a bone devil 2 large mimics 4 wumpuses 7 fire vortices 9 couatls 18 stalkers 4 air elementals 17 fire elementals 8 earth elementals 7 water elementals 14 hill giants 4 giant mummies 7 black nagas 18 xorns 16 giant zombies 16 elf-nobles 21 sergeants 9 barbed devils 6 vrocks 10 salamanders 16 wargs 2 winter wolves 3 hell hound pups 13 small mimics 5 glass piercers 6 warhorses 4 steam vortices 16 xans 3 ettin mummies 8 ogre leaders 11 quantum mechanics 24 trolls a sasquatch 5 wood golems 3 erinyes 4 mariliths a djinni 5 sharks 2 electric eels 12 gelatinous cubes a pyrolisk 3 large dogs 11 flaming spheres 4 shocking spheres a large cat 7 tigers 12 gargoyles a dwarf ruler 12 tengu 12 ochre jellies 10 leocrottas 5 energy vortices 7 mountain centaurs 9 stone giants 4 elf mummies 6 human mummies 5 red nagas 3 green slimes 2 pythons 7 pit vipers 9 cobras 37 wraiths 12 carnivorous apes 18 ettin zombies 4 leather golems 21 Grey-elves 116 soldiers 11 amorous demons 10 horned devils 6 chameleons 3 crocodiles 15 giant beetles 6 quivering blobs 31 cockatrices 12 wolves 2 winter wolf cubs a lynx 4 panthers 41 gremlins 4 spotted jellies 49 leprechauns 16 orc-captains 6 iron piercers 4 mumakil 9 giant spiders 12 scorpions 4 horses an ice vortex 8 black lights 58 vampire bats 9 forest centaurs 15 gnome rulers 5 orc mummies 3 dwarf mummies 9 ogres 4 brown puddings 9 rust monsters 14 owlbears 11 yetis 2 werewolves 11 Green-elves 5 piranha 21 giant eels 21 lizards 14 chickatrices a dingo 3 dogs 2 housecats 5 jaguars 6 dwarf leaders 6 blue jellies 5 white unicorns a gray unicorn 4 black unicorns 6 dust vortices 14 ravens 5 plains centaurs 5 gnome mummies 10 snakes 16 apes 24 human zombies 3 rope golems 19 Woodland-elves 47 soldier ants 9 fire ants 33 bugbears 7 imps 3 lemures 15 quasits 6 wood nymphs 12 water nymphs 8 mountain nymphs 28 Mordor orcs 28 Uruk-hai 9 orc shamans 10 rock piercers 5 rock moles 5 ponies 6 fog clouds 5 yellow lights a shrieker 6 violet fungi 22 gnome leaders 14 gnomish wizards 5 kobold mummies 2 gray oozes 3 barrow wights 11 elf zombies 15 ghouls 6 straw golems 5 paper golems 5 jellyfish 22 giant ants a little dog 11 floating eyes 4 kittens 28 dwarves 13 homunculi 8 kobold leaders 2 kobold shamans 34 hill orcs 14 rothes 4 rabid rats 2 centipedes 16 giant bats 2 monkeys 13 orc zombies 17 dwarf zombies a wererat 2 werejackals 11 iguanas 65 killer bees 14 acid blobs 3 coyotes 2 gas spores 8 hobbits 22 manes 4 large kobolds 30 hobgoblins an orc 14 giant rats 7 cave spiders 5 brown molds 8 yellow molds 3 green molds 5 red molds 75 gnomes a Keystone Kop 9 garter snakes 14 gnome zombies 19 geckos 13 jackals 3 foxes 3 kobolds 14 goblins a sewer rat 9 grid bugs 10 bats 9 lichens 16 kobold zombies 12 newts 2783 creatures vanquished. Genocided or extinct species: small mimics large mimics giant mimics purple worms liches demiliches master liches arch-liches genetic engineers doppelgangers erinyes (extinct) chameleons 11 species genocided. 1 species extinct. Voluntary challenges: You read items or engraved 389 times. You never engraved Elbereth. You genocided 11 types of monsters. You used 7 wishes (1 for an artifact). You violated the special Sokoban rules once. Achievements: You entered a shop. You attained the rank of Conjurer. You entered the Gnomish Mines. You attained the rank of Thaumaturge. You entered Minetown. You entered Sokoban. You attained the rank of Magician. You completed Sokoban. You read from a Discworld novel. You completed the Gnomish Mines. You entered a temple. You attained the rank of Enchanter. You attained the rank of Sorcerer. You handled the Bell of Opening. You defeated Medusa. You entered Gehennom. You attained the rank of Necromancer. You attained the rank of Wizard. You had the Candelabrum of Invocation. You handled the Book of the Dead. You gained access to Moloch's Sanctum. You attained the rank of Mage. You reached the Elemental Planes. You reached the Astral Plane. You delivered the Amulet of Yendor. You ascended! The Elemental Planes: Astral Plane: <- You are here. A temple to Thoth. Plane of Water: Plane of Fire: Plane of Air: Plane of Earth: The Dungeons of Doom: levels 1 to 27 Level 1: "box" An altar. One way stairs up to The Elemental Planes. Level 2: A general store. Level 3: "v" An untended shop. Level 4: An armor shop, an altar to Thoth, some fountains. Stairs down to The Gnomish Mines. Level 5: Oracle of Delphi. Level 6: A scroll shop. Stairs up to Sokoban, level 5. Level 7: "v" Level 8: "-s" An altar. Level 9: A fountain. Level 10: "-s" An altar, a fountain. Level 11: A fountain. Portal to The Quest. Level 12: "c" A temple. Level 13: Level 14: "-s c" An altar to Thoth, a fountain. Level 15: A primitive area. Level 16: Some fountains. Level 17: "LAIR" A temple to Thoth. Portal to Fort Ludios. Level 18: An altar to Thoth, a fountain. Level 19: "c poly" Level 20: "-s" A fountain. Level 21: A fountain. Level 22: "poly icebox" An altar to Thoth. Level 23: Level 24: Level 25: Some fountains. Level 26: "Medusa" Level 27: "Castle" A fountain. The castle. Connection to Gehennom. Gehennom: levels 28 to 49 Level 28: A temple, many graves. Valley of the Dead. Level 29: Level 30: "c" Level 31: A fountain. Level 32: Level 33: Level 34: Level 35: Level 36: "Baalz" Stairs up to Vlad's Tower, level 35. Level 37: Level 38: "Rodders" Level 39: Level 40: "wiz bottom" Level 41: Level 42: "Orcus" Some shops, an altar, many graves. Level 43: Level 44: "crapstash" Level 45: "wiz portal" Level 46: "c" Level 47: Level 48: "VS" Level 49: A temple, many graves. Moloch's Sanctum. The Gnomish Mines: levels 5 to 13 Level 5: Level 6: Level 7: An altar to Thoth, some fountains. Level 8: Level 9: Level 10: "poly" Level 11: Level 12: Level 13: A fountain. The Quest: levels 1 to 6 Level 1: Completed quest for Neferet the Green. Level 2: Level 3: Level 4: Level 5: Level 6: A temple to Thoth. Sokoban: levels 5 up to 2 Level 2: Solved. Level 3: Solved. Level 4: Solved. Level 5: Solved. Fort Ludios: Level 1: Fort Ludios. Vlad's Tower: levels 35 up to 33 Level 33: Level 34: Level 35: Goodbye Grasshopper the Demigod... You and the invisible Brynhilda and the invisible K2 and Matt and the guardian Angel of Thoth went to your reward with 3344257 points, Magicbane (worth 3500 zorkmids and 8750 points) Sting (worth 800 zorkmids and 2000 points) Vorpal Blade (worth 4000 zorkmids and 10000 points) The Candelabrum of Invocation (worth 5000 zorkmids and 12500 points) The Eye of the Aethiopica (worth 4000 zorkmids and 10000 points) The Platinum Yendorian Express Card (worth 7000 zorkmids and 17500 points) 33 topaz stones (worth 29700 zorkmids), 30 chrysoberyl stones (worth 21000 zorkmids), 29 jasper stones (worth 14500 zorkmids), 27 amethyst stones (worth 16200 zorkmids), 26 sapphires (worth 78000 zorkmids), 26 citrine stones (worth 39000 zorkmids), 24 black opals (worth 60000 zorkmids), 24 amber stones (worth 24000 zorkmids), 21 emeralds (worth 52500 zorkmids), 21 fluorite stones (worth 8400 zorkmids), 20 jet stones (worth 17000 zorkmids), 20 opals (worth 16000 zorkmids), 18 turquoise stones (worth 36000 zorkmids), 15 aquamarine stones (worth 22500 zorkmids), 13 dilithium crystals (worth 58500 zorkmids), 12 garnet stones (worth 8400 zorkmids), 10 rubies (worth 35000 zorkmids), 7 diamonds (worth 28000 zorkmids), 3 jacinth stones (worth 9750 zorkmids), 1 obsidian stone (worth 200 zorkmids), 1 amulet of life saving (worth 150 zorkmids), 1 amulet of reflection (worth 150 zorkmids), 1 amulet of magical breathing (worth 150 zorkmids), and 593 pieces of gold, after 59013 moves. You were level 30 with a maximum of 662 hit points when you ascended.